 Dungeon Crawl Stone Soup version 0.30-a0-596-g0af90f9a20 (webtiles) character file.

Game seed: 14735469005748213004

1512 Newt the Cudgeller (level 8, -2/58 (60) HPs)
             Began as a Demonspawn Gladiator on Jan 6, 2023.
             Was a Priest of Trog.
             Slain by a wight
             ... wielding a +0 long sword
              (6 damage)
             ... on level 6 of the Dungeon.
             The game lasted 00:06:03 (6225 turns).

Newt the Cudgeller (Demonspawn Gladiator)           Turns: 6225, Time: 00:06:04

HP:   -2/58 (60)    AC: 10    Str: 16    XL:     8   Next: 53%
MP:   8/8           EV: 11    Int:  9    God:    Trog [***...]
Gold: 385           SH:  0    Dex: 22    Spells: 7/7 levels left

rFire   . . .      SeeInvis .    r - +3 flail (heavy)
rCold   . . .      Faith    .    (no shield)
rNeg    . . .      Spirit   .    t - +0 scale mail
rPois   .          Reflect  .    c - +0 helmet
rElec   .          Harm     .    C - scarf {repulsion}
rCorr   .          Rampage  .    (no gloves)
Will    +....                    (no boots)
Stlth   +                        q - amulet of regeneration
HPRegen 1.09/turn                m - +6 ring of dexterity
MPRegen 0.11/turn                x - ring of willpower

@: lightly drained, repel missiles
A: thin metallic scales 1, demonic magic 2, weakness stinger 1
a: Renounce Religion, Berserk, Trog's Hand


You were on level 6 of the Dungeon.
You worshipped Trog.
Trog was most pleased with you.
You visited 1 branch of the dungeon, and saw 7 of its levels.

You collected 385 gold pieces.

Inventory:

Hand Weapons
 a - a +1 rapier
 o - a +1 dagger of flaming
 r - a +3 heavy flail (weapon)
 w - a +1 heavy sling
Missiles
 d - 2 throwing nets (quivered)
 e - a javelin
Armour
 b - a +0 leather armour
 c - a +0 helmet (worn)
 t - a +0 scale mail (worn)
 C - a scarf of repulsion (worn)
Jewellery
 m - a +6 ring of dexterity (left hand)
 q - an amulet of regeneration (around neck)
 x - a ring of willpower (right hand)
Wands
 f - a wand of mindburst (19)
Scrolls
 i - a scroll of noise
 p - 2 scrolls of amnesia
 y - 2 scrolls of identify
 A - 2 scrolls of teleportation
 D - a scroll of magic mapping
Potions
 g - a potion of lignification
 h - 2 potions of heal wounds {unknown}
 j - 2 potions of invisibility {unknown}
 k - a potion of mutation {unknown}
 l - a potion of haste {unknown}
 n - 4 potions of magic {unknown}
 s - 4 potions of flight {unknown}
 u - 2 potions of cancellation {unknown}
 v - a potion of might {unknown}
 z - a potion of degeneration {unknown}
 B - a potion of attraction {unknown}


   Skills:
 - Level 4.0 Fighting
 - Level 3.2 Short Blades
 - Level 6.0 Maces & Flails
 - Level 1.7 Throwing
 - Level 4.0 Armour
 - Level 2.6 Dodging
 - Level 3.0 Stealth
 + Level 4.3 Evocations


You had 7 spell levels left.
You didn't know any spells.
Your spell library was empty.

Dungeon Overview and Level Annotations

Branches:
Dungeon (7/15)
 Temple: D:4-7

Altars:
Cheibriados
Hepliaklqana
Makhleb
Trog
Uskayaw
Vehumet

Shops:
D:1 :   D:2 [

Annotations:
D:5 exclusion: statue


Innate Abilities, Weirdness & Mutations

You are partially covered in thin metallic scales. (AC +2)
Spells you cast may paralyse nearby enemies.
You have a small tail.


Message History

No target in view!
No target in view!
No target in view!
No target in view!
No target in view!
You climb downwards.
The wight hits you with a +3 falchion!
You feel drained. The ogre closely misses you.
There is a stone staircase leading up, spattered with blood here.
The wight hits you but does no damage.
The ogre hits you with a +0 giant club!!
You climb upwards.
There is a stone staircase leading down here.
You sock the ogre!
The ogre is moderately wounded.
The wight barely misses you. The ogre hits you with a +0 giant club!
The wight hits you with a +0 long sword.
You feel drained.
You sock the ogre!
The ogre is severely wounded.
The wight hits you with a +0 long sword.
You feel drained. The ogre hits you with a +0 giant club!
* * * LOW HITPOINT WARNING * * *
Okay, then.
Okay, then.
Aiming: Mindburst
Press: ? - help, Shift-Dir - straight line, f - ogre
Aim: an ogre, wielding a +0 giant club (severely wounded, chance to affect: 78%)
The ogre's mind is blasted!!
You blow up the ogre!
Trog accepts your kill.
The wight hits you with a +0 long sword.
* * * LOW HITPOINT WARNING * * *
Your Evocations skill increases to level 4!
Throw: 3 throwing nets
Press: ? - help, Shift-Dir - straight line, f - wight
Aim: a wight, wielding a +0 long sword and wearing a +0 robe (65% to hit)
You throw a throwing net.
The throwing net closely misses the wight.
The wight hits you with a +0 long sword.
You die...

###..## #..# # ###.....#
#..# ####...##..## ##<##
.....#####..# #..# #...##
#..## #..#### ##.##
##...###..##.## #..##
##.....(.......#
##..###.......z[######
##.............@#
#...........##).#
#.........####..#
#.........# #..#
##........## ##..#
#........## ##...###
..........###......######
#####...................#
# ##.......#####).###.#


You could see a wight.

Vanquished Creatures
  2 ice beasts
  A sky beast (D:6)
  3 ogres
  A phantom (D:5)
  3 scorpions
  A wight (D:6)
  A jelly (D:5)
  4 hounds
  3 orc priests
  3 iguanas (D:5)
  5 orc wizards
  4 gnolls
  8 adders
  A shadow imp (D:5)
  3 worms
  A dart slug (D:1)
  16 orcs
  2 bats
  8 endoplasms
  3 giant cockroaches
  10 goblins
  7 hobgoblins
  5 jackals (D:3)
  5 kobolds
  2 quokkas
  9 ball pythons
  3 frilled lizards
  3 rats (D:3)
117 creatures vanquished.

Vanquished Creatures (others)
  2 plants (D:5)
2 creatures vanquished.

Grand Total: 119 creatures vanquished

Notes
Turn   | Place    | Note
-------+----------+-------------------------------------------
     0 | D:1      | Newt the Demonspawn Gladiator began the quest for the Orb.
     0 | D:1      | Reached XP level 1. HP: 16/16 MP: 1/1
   126 | D:1      | Reached skill level 1 in Stealth
   140 | D:1      | Found Eceolem's Book Shoppe.
   426 | D:1      | Gained mutation: You are partially covered in thin metallic
                  | scales. (AC +2) [demonic ancestry]
   426 | D:1      | Reached XP level 2. HP: 22/22 MP: 2/2
   873 | D:2      | Found a faded altar of an unknown god.
   908 | D:2      | Reached XP level 3. HP: 26/27 MP: 3/3
   911 | D:2      | Prayed at the altar of an unknown god.
   911 | D:2      | Became a worshipper of Trog the Wrathful
   911 | D:2      | Reached * piety under Trog
  1152 | D:2      | Found Qynoaj's Antique Armour Shop.
  1851 | D:2      | Reached XP level 4. HP: 15/35 MP: 4/4
  2349 | D:3      | Found a burning altar of Makhleb.
  2513 | D:3      | Reached ** piety under Trog
  2723 | D:3      | Reached XP level 5. HP: 24/42 MP: 5/5
  3215 | D:3      | Found a snail-covered altar of Cheibriados.
  3361 | D:4      | Reached skill level 1 in Maces & Flails
  3433 | D:4      | Reached skill level 2 in Maces & Flails
  3530 | D:4      | Gained mutation: You have a small tail. [demonic ancestry]
  3530 | D:4      | Reached XP level 6. HP: 48/48 MP: 6/6
  3778 | D:4      | Found a hide-covered altar of Uskayaw.
  3778 | D:4      | Found a bloodstained altar of Trog.
  3980 | D:5      | Entered Level 5 of the Dungeon
  3989 | D:5      | Reached skill level 3 in Maces & Flails
  4083 | D:5      | Reached *** piety under Trog
  4129 | D:5      | Reached skill level 4 in Maces & Flails
  4129 | D:5      | Reached skill level 1 in Armour
  4168 | D:5      | Gained mutation: Spells you cast may paralyse adjacent
                  | enemies. [demonic ancestry]
  4168 | D:5      | Reached XP level 7. HP: 53/54 MP: 7/7
  4334 | D:5      | Found a hazy altar of Hepliaklqana.
  4571 | D:5      | Found a radiant altar of Vehumet.
  5242 | D:6      | Reached skill level 5 in Maces & Flails
  5344 | D:6      | Gained mutation: Spells you cast may paralyse nearby
                  | enemies. [demonic ancestry]
  5344 | D:6      | Reached XP level 8. HP: 60/60 MP: 8/8
  5712 | D:6      | Reached skill level 6 in Maces & Flails
  5741 | D:6      | Reached skill level 1 in Evocations
  6225 | D:6      | Slain by a wight

Illustrated notes

Levels and vault maps discovered:
D:1:      lightli_arrival_isolated_outpost, layout_basic, serial_shops,
          nicolae_shop_hallway_plus
D:2:      cheibrodos_greedy_goblins, layout_basic,
          shapermc_ecumenical_altar_starsandcircs, serial_shops,
          nicolae_shop_crystal
D:3:      layout_basic, mainiacjoe_overflow_tiny_flanked,
          lightli_temple_of_fire, corner_web_ring
D:4:      layout_basic, gammafunk_temple_overflow_elements,
          reono_crystal_passage
D:5:      layout_basic, nicolae_hepliaklqana_hazy_memory, vehumet_statue,
          uniq_sigmund
D:6:      layout_layer_cave, nicolae_tso_swordbearing_angel
D:7:      cheibrodos_two_vegetables, layout_layer_cave,
          minmay_temple_entry_statues_pillars

Skill      XL: |  1  2  3  4  5  6  7  8 |
---------------+-------------------------+-----
Stealth        | 1 2 3 |  3.0
Fighting       | 3 4 |  4.0
Short Blades   | 3 |  3.2
Maces & Flails | 2 4 5 6 |  6.0
Armour         | 1 4 |  4.0
Evocations     | 4 |  4.3
Throwing       | |  1.7
Dodging        | |  2.6

Action                   |  1- 3 |  4- 6 |  7- 9 || total
-------------------------+-------+-------+-------++-------
Melee: Rapier            |   137 |    39 |       ||   176
       Punch             |     1 |     3 |     1 ||     5
       Dagger            |       |    75 |       ||    75
       Flail             |       |    87 |    72 ||   159
       Tailslap          |       |     1 |     8 ||     9
Throw: Javelin           |     1 |     1 |       ||     2
       Throwing net      |       |       |     1 ||     1
Evoke: Wand              |       |       |     1 ||     1
  Use: Scroll            |     4 |     7 |     1 ||    12
       Potion            |       |     2 |       ||     2
 Stab: Sleeping          |     1 |     6 |     1 ||     8
Armor: Leather armour    |    54 |    46 |       ||   100
       Scale mail        |       |    35 |    31 ||    66
Dodge: Dodged            |    82 |   121 |    37 ||   240

Table legend: (Time is in decaauts)
 A = Elapsed time spent in this place.
 B = Non-inter-level travel time spent in this place.
 C = Inter-level travel time spent in this place.
 D = Time resting spent in this place.
 E = Time spent auto-exploring this place.
 F = Levels seen in this place.
 G = Mean time per level.
                   A        B        C        D        E       F      G
               +--------+--------+--------+--------+--------+-----+--------+
         Total |   6365 |   6164 |    201 |    641 |   4503 |   7 |  909.3 |
       Dungeon |   6365 |   6164 |    201 |    641 |   4503 |   7 |  909.3 |
               +--------+--------+--------+--------+--------+-----+--------+

Top non-repeatable levels by time:
     D:2: 1563 daAuts
     D:6: 1228 daAuts
     D:5: 1084 daAuts
     D:3: 1022 daAuts
     D:4: 740 daAuts
     D:1: 721 daAuts
     D:7: 4 daAuts
